 Dungeon Crawl Stone Soup version 0.16.1-14-g82efdee (webtiles) character file.

760 Mizdow the Covert (level 7, 0/48 HPs)
             Began as an Octopode Assassin on Apr 13, 2015.
             Slain by an adder (3 damage)
             ... on level 5 of the Dungeon.
             The game lasted 00:28:11 (5581 turns).

Mizdow the Covert (Octopode Assassin)               Turns: 5581, Time: 00:28:13

Health: 0/48       AC:  1    Str: 14 (15) XL:     7   Next: 80%
Magic:  7/7        EV: 15    Int: 13      God:    Xom [..*...]
Gold:   221        SH:  0    Dex: 16      Spells: 0 memorised, 6 levels left

rFire  . . .     SeeInvis .     a - +2 dagger
rCold  . . .     Clarity  .     (no shield)
rNeg   . . .     SustAb   .     (helmet restricted)
rPois  .         Gourm    .     (no amulet)
rElec  .         Spirit   .     (no ring)
rCorr  .         Warding  .     (no ring)
rMut   .         Stasis   .     (no ring)
MR     .....                    (no ring)
Stlth  ++++++....               (no ring)
                                (no ring)
                                (no ring)
                                (no ring)

@: mighty, lethally poisoned (0 -> -2), very slightly contaminated, not
resistant to hostile enchantments, very stealthy
A: almost no armour, amphibious, 8 rings, constrict 8, camouflage 1, gelatinous
body 1
a: Renounce Religion


You were on level 5 of the Dungeon.
You worshipped Xom.
You were a toy of Xom.
You were not hungry.

You visited 1 branch of the dungeon, and saw 5 of its levels.

You collected 221 gold pieces.

Inventory:

Hand weapons
 a - a +2 dagger (weapon)
 b - a +0 blowgun
Missiles
 e - 8 poisoned needles
 f - 7 curare-tipped needles
Magical devices
 u - a wand of magic darts (26)
 y - a wand of cold (11)
Scrolls
 g - 4 scrolls of identify {unknown}
 j - 3 scrolls of remove curse {unknown}
 k - 3 scrolls of magic mapping {unknown}
 l - a scroll of fog {unknown}
 n - a scroll of amnesia {unknown}
 s - a scroll of fear {unknown}
 t - 3 scrolls of enchant weapon {unknown}
 v - a scroll of blinking {unknown}
 z - a scroll of random uselessness {unknown}
Potions
 d - a potion of degeneration
 i - a potion of brilliance
 o - a potion of cancellation {unknown}
 r - a potion of agility
 w - a potion of cure mutation {unknown}
Books
 p - a book of Debilitation

   Spells                             Type                      Level
   a - Corona                         Hexes                        1
   b - Slow                           Hexes                        2
   c - Inner Flame                    Hexes/Fire                   3
   d - Enslavement                    Hexes                        4
   e - Cause Fear                     Hexes                        4
   f - Leda's Liquefaction            Hexes/Earth                  4
Comestibles
 q - 4 meat rations
 x - a bread ration


   Skills:
 + Level 4.1 Fighting
 + Level 3.7 Short Blades
 - Level 2.0 Throwing
 * Level 5.0 Dodging
 * Level 8.4 Stealth


You had 6 spell levels left.
You didn't know any spells.

Dungeon Overview and Level Annotations

Branches:
Dungeon (5/15)
 Temple: D:4-7

Altars:
Elyvilon
Xom


Innate Abilities, Weirdness & Mutations

You cannot wear most types of armour.
You are amphibious.
You can wear up to eight rings at the same time.
You can use your tentacles to constrict many enemies at once.
Your skin changes colour to match your surroundings (Stealth).
Your rubbery body absorbs attacks (AC +1).


Message History

The adder zombie closely misses you.
You hit the adder.
The adder is almost dead.
You constrict the adder.
You kill the adder!
Your Dodging skill increases to level 5!
The adder zombie closely misses you.
You barely miss the adder zombie. Your grab misses the adder zombie.
You squeeze the adder zombie!
You feel sick.
The adder zombie bites you but does no damage.
You hit the adder zombie. You grab the adder zombie.
You constrict the adder zombie. The adder zombie bites you.
* * * LOW HITPOINT WARNING * * *
You hit the adder zombie.
You destroy the adder zombie! "Go forth and destroy!"
You feel very mighty all of a sudden. The adder bites you.
You die... "What!?
That's it?"

.#...........+..........# #
#..#.###.###+##........##########
####+###.##..##........##.......#
#..........'.........+.....#..#
#..........#.........#.....#...
##..#......##........#.....#...
########+###........#.....'...
#......+.S......#.....#..#
#......#<@......##'####..# ##
#......#........##...##..#
#.#####....##.............#....
#....##....##...........>.+...#
#....#.....#..............#...#
#....'.....'..).##...##...##..#
#....#.....#....##'####...##+##
#####..##+#####.............#
..###..##....##......#######+


You could see an adder.

Vanquished Creatures
  A water moccasin (D:5)
  A phantom (D:4)
  5 hounds
  2 orc priests (D:4)
  2 iguanas
  An orc wizard (D:4)
  3 worker ants
  8 adders
  A shadow imp (D:5)
  A giant mite (D:5)
  3 worms
  An adder skeleton (D:4)
  An adder zombie (D:5)
  5 giant geckos
  An ooze (D:2)
  7 orcs
  A ball python (D:1)
  11 bats
  6 giant cockroaches
  10 hobgoblins
  7 jackals
  12 giant newts
  11 goblins
  6 kobolds
  9 rats
  A plant (D:2)
117 creatures vanquished.

Notes
Turn   | Place    | Note
--------------------------------------------------------------
     0 | D:1      | Mizdow, the Octopode Assassin, began the quest for the Orb.
     0 | D:1      | Reached XP level 1. HP: 14/14 MP: 1/1
     2 | D:1      | Noticed a centaur
     2 | D:1      | Noticed a human
     4 | D:1      | Noticed a gargoyle
     4 | D:1      | Noticed a ghoul
     6 | D:1      | Noticed a vampire
     6 | D:1      | Noticed an ogre
     8 | D:1      | Noticed a demigod
    10 | D:1      | Noticed a draconian
    10 | D:1      | Noticed a dwarf
    12 | D:1      | Noticed a demonspawn
    14 | D:1      | Noticed a minotaur
    16 | D:1      | Noticed an elf
    16 | D:1      | Noticed an octopode
    18 | D:1      | Noticed a spriggan
    18 | D:1      | Noticed a naga
    20 | D:1      | Noticed a formicid
    22 | D:1      | Noticed a felid
    22 | D:1      | Noticed a tengu
    24 | D:1      | Noticed a vine stalker
    24 | D:1      | Noticed a merfolk
    26 | D:1      | Noticed a troll
   218 | D:1      | Reached XP level 2. HP: 14/19 MP: 2/2
  1101 | D:1      | Reached XP level 3. HP: 23/25 MP: 3/3
  1420 | D:2      | Found a white marble altar of Elyvilon.
  1994 | D:2      | Reached XP level 4. HP: 30/30 MP: 4/4
  2231 | D:3      | Reached skill level 6 in Stealth
  2580 | D:3      | Reached XP level 5. HP: 10/36 MP: 5/5
  3792 | D:4      | Reached XP level 6. HP: 38/42 MP: 6/6
  3950 | D:4      | Reached skill level 7 in Stealth
  4454 | D:4      | Noticed a phantom
  4494 | D:4      | Killed a phantom
  4494 | D:4      | Reached XP level 7. HP: 16/47 MP: 7/7
  4776 | D:5      | Entered Level 5 of the Dungeon
  4791 | D:5      | Found a shimmering altar of Xom.
  4934 | D:5      | Became a worshipper of Xom of Chaos
  4935 | D:5      | XOM: harmless Fire miscast
  4984 | D:5      | Reached skill level 8 in Stealth
  5379 | D:5      | XOM: divination: detect creatures
  5484 | D:5      | XOM: noise
  5578 | D:5      | Reached skill level 5 in Dodging
  5581 | D:5      | XOM: potion effect (might)
  5581 | D:5      | Slain by an adder

Action                   |  1- 3 |  4- 6 |  7- 9 || total
-------------------------+-------+-------+-------++-------
Melee: Dagger            |   156 |   129 |    69 ||   354
  Use: Potion            |       |     6 |     2 ||     8
       Scroll            |       |       |     1 ||     1
 Stab: Sleeping          |    17 |    12 |     8 ||    37
  Eat: Bread ration      |     1 |     1 |       ||     2
       Pizza             |       |     1 |       ||     1
       Meat ration       |       |     1 |       ||     1
